AoeStats
← chenya_ko

Arabia

506351536Analyzed
1v1 RM · 21d ago on Sep 13, 2026· 31m 18s· 2 players
Game mode
Random Map
Map size
Tiny (2 player)
Population
200
Speed
Normal
Resources
Standard
Victory
Conquest
Starting age
Dark Age
Ending age
Imperial Age
RankedLock teamsTeams togetherTeam positionsShared explorationLock speedFull tech treeHidden civsTurbo modeCheats
Victory
Defeat
🇹🇼 Japanese · Taiwan
1060
+17
🇹🇼 Burgundians · Taiwan
1086
-17
chenya_ko
2:04 Loom
10:09 Feudal Age
10:20 Man-at-Arms
12:42 Double-Bit Axe
13:29 Fletching
16:38 Wheelbarrow
21:33 Castle Age
19:46 Scale Mail Armor
19:35 Arson
20:31 Forging
20:12 Horse Collar
20:51 Gold Mining
21:35 Long Swordsman
22:00 Gambesons
22:16 Squires
23:24 Chain Mail Armor
25:17 Iron Casting
26:02 Hand Cart
26:03 Town Watch
27:18 Heavy Plow
27:37 Stone Mining
31:38 Gold Shaft Mining
genehung9
7:42 Loom
9:56 Feudal Age
11:26 Town Watch
11:23 Horse Collar
11:28 Double-Bit Axe
12:56 Wheelbarrow
14:00 Bow Saw
22:53 Fletching
23:09 Scale Barding Armor
25:09 Castle Age
23:11 Gold Mining
27:07 Husbandry
27:28 Chain Barding Armor
27:20 Forging
27:26 Stone Mining
28:12 Gold Shaft Mining
Connection lost

Rejoining the realm…

Still unreachable

The connection could not be restored.

Session expired

The server has moved on; the page needs a fresh start.